 Dungeon Crawl Stone Soup version 0.16-a0-2388-g8c53b03 (webtiles) character file.

3399 Fyery the Frost Mage (level 9, -13/51 HPs)
             Began as a High Elf Ice Elementalist on Nov 19, 2014.
             Was an Initiate of Qazlal.
             Killed from afar by an electric eel (18 damage)
             ... with a bolt of electricity
             ... on level 8 of the Dungeon.
             The game lasted 00:33:25 (8433 turns).

Fyery the Frost Mage (High Elf Ice Elementalist)    Turns: 8433, Time: 00:33:26

Health: -13/51     AC:  7    Str:  7    XL:     9   Next: 75%
Magic:  20/28      EV: 12    Int: 26    God:    Qazlal [......]
Gold:   256        SH:  8    Dex: 16    Spells: 5 memorised, 12 levels left

rFire  . . .     SeeInvis .     t - +4 quarterstaff (chaos) (curse)
rCold  . . .     Clarity  .     Q - +2 leather armour {MR+}
rNeg   . . .     SustAb   .     (no shield)
rPois  +         Gourm    .     (no helmet)
rElec  .         Spirit   .     u - +0 cloak {MR+}
rCorr  +         Warding  .     (no gloves)
rMut   .         Stasis   .     I - +0 pair of boots (curse)
MR     ++...                    v - amulet of resist corrosion
Stlth  ++........               q - +3 ring of intelligence
                                B - ring of poison resistance (curse)

@: icy shield, very resistant to hostile enchantments, unstealthy
A: no striking features
a: Renounce Religion


You were on level 8 of the Dungeon.
You worshipped Qazlal.
Qazlal was noncommittal.
You were not hungry.

You visited 2 branches of the dungeon, and saw 9 of its levels.
You also visited: Ossuary.

You collected 316 gold pieces.
You spent 60 gold pieces at shops.

Inventory:

Hand weapons
 g - a +0 falchion
 h - a +0 whip
 t - a cursed +4 quarterstaff of chaos (weapon)
 A - a +0 falchion
 T - a +0 dagger of flaming
 V - a cursed -1 flail
Missiles
 m - 5 javelins (quivered)
Armour
 a - a +0 robe
 u - a +0 cloak of magic resistance (worn)
 I - a cursed +0 pair of boots (worn)
 Q - a +2 leather armour of magic resistance (worn)
Magical staves
 P - a cursed staff of fire {unknown}
Jewellery
 o - an uncursed ring of protection from cold {unknown}
 q - a +3 ring of intelligence (right hand)
 v - an amulet of resist corrosion (around neck)
 B - a cursed ring of poison resistance (left hand)
 H - an uncursed ring of positive energy {unknown}
 J - a +3 ring of protection {unknown}
Magical devices
 r - a wand of random effects (24)
 y - a wand of magic darts (19)
 S - a wand of confusion (14)
Scrolls
 l - 3 scrolls of remove curse
 s - a scroll of magic mapping {unknown}
 C - 2 scrolls of enchant armour {unknown}
 F - 2 scrolls of enchant weapon {unknown}
 G - a scroll of amnesia {unknown}
 K - 5 scrolls of identify
 L - a scroll of fear
 W - a scroll of blinking {unknown}
Potions
 d - 3 potions of curing
 e - 3 potions of heal wounds
 f - 3 potions of confusion {unknown}
 i - a potion of haste {unknown}
 n - a potion of lignification {unknown}
 p - a potion of magic {unknown}
 w - 2 potions of might {unknown}
 x - a potion of beneficial mutation {unknown}
 E - a potion of flight {unknown}
 M - 5 potions of poison {unknown}
 N - a potion of resistance {unknown}
 O - a potion of agility {unknown}
 R - 2 potions of restore abilities
Books
 b - a book of Frost

   Spells                             Type                      Level
   *Freeze                            Ice                          1
   *Throw Frost                       Conjuration/Ice              2
   *Ozocubu's Armour                  Charms/Ice                   3
   *Throw Icicle                      Conjuration/Ice              4
   Summon Ice Beast                   Ice/Summoning                4
   *Condensation Shield               Ice                          4
Comestibles
 c - 9 bread rations
 j - a slice of pizza
 k - 2 beef jerkies
 z - a royal jelly
 D - a meat ration
 U - 6 chunks of flesh


   Skills:
 + Level 4.1 Dodging
 - Level 2.1 Stealth
 + Level 9.1 Spellcasting
 * Level 4.8 Conjurations
 - Level 3.0 Charms
 - Level 10.0 Ice Magic


You had 12 spell levels left.
You knew the following spells:

 Your Spells              Type           Power        Failure   Level  Hunger
a - Freeze                Ice            ####         1%          1    None
b - Throw Frost           Conj/Ice       ######       1%          2    None
c - Ozocubu's Armour      Chrm/Ice       #####...     1%          3    None
d - Condensation Shield   Ice            ######....   1%          4    #......
e - Throw Icicle          Conj/Ice       ######..     2%          4    #......


Dungeon Overview and Level Annotations

Branches:
Dungeon (8/15)             Temple (1/1) D:7
   Lair: D:8-11

Altars:
Ashenzari
Cheibriados
Dithmenos
Elyvilon
Fedhas
Gozag
Kikubaaqudgha
Makhleb
Nemelex Xobeh
Okawaru
Qazlal
Ru
Sif Muna
Trog
Vehumet
Xom
Yredelemnul
Zin
The Shining One

Shops:
D:6 *


Message History

The electric eel is lightly wounded.
The electric eel shoots out a bolt of lightning at you!
The bolt of electricity hits you!
You hit the electric eel.
The electric eel is moderately wounded.
You closely miss the electric eel.
The electric eel is moderately wounded.
The electric eel shoots out a bolt of lightning at you!
The bolt of electricity hits you!
* * * LOW HITPOINT WARNING * * *
You miss the electric eel.
The electric eel is moderately wounded.
Your icy armour evaporates.
Drink which item? (? for menu, Esc to quit)
Okay, then.
The electric eel shoots out a bolt of lightning at you!
The bolt of electricity hits you!
* * * LOW HITPOINT WARNING * * *
The bolt of electricity hits you!
You die...

#....# ###.. #.##......
..... .## .....#≈# ...#
## ..###≈≈# #..# # ..#
≈≈≈≈≈ ..### #. # .#≈
#≈≈#≈##...####... .#
≈≈≈≈≈≈≈#.......... # ##.#
≈# #≈;.......... #
#..##≈≈≈≈≈≈##@.....#..#
####...≈≈≈≈# #..#....#.#
.#.....###≈≈##≈..#......#
)........##≈≈....##.....#
.................##...#.+
#....######...#.###...# #
###..## ..... #...#.#
##..# #..## #.....#
#..#### #...# #.....#8..


You could see an electric eel.

Vanquished Creatures
  A deep elf mage (D:6)
  3 humans
  A spriggan (D:7)
  2 hippogriffs
  A hungry ghost (D:7)
  An ice beast (D:7)
  An orc warrior (D:6)
  2 sky beasts (D:5)
  A centaur (D:6)
  5 ogres
  A big kobold (D:7)
  Blork the orc (D:7)
  A giant frog (D:8)
  2 scorpions
  A killer bee (D:6)
  A water moccasin skeleton (D:4)
  A scorpion (shapeshifter) (D:5)
  A wight (D:6)
  3 centaur zombies (Ossuary)
  A crimson imp (D:6)
  A human zombie (Ossuary)
  A giant frog zombie (D:7)
  3 goliath beetles
  A jelly (D:6)
  Crazy Yiuf (D:2)
  A gnoll shaman (D:6)
  An orc priest (D:8)
  A centaur skeleton (D:5)
  3 orc wizards
  3 worker ants
  An iguana (D:8)
  2 mummies (Ossuary)
  A hound skeleton (D:7)
  6 gnolls
  6 adders
  A shadow imp (D:5)
  4 worms
  An adder zombie (Ossuary)
  2 adder skeletons
  3 giant geckos
  2 oozes (D:1)
  8 orcs
  A ball python (D:2)
  13 bats
  3 bat skeletons
  A bat zombie (D:8)
  6 giant cockroaches
  16 hobgoblins
  4 jackals
  3 quokkas
  A giant newt (D:3)
  9 goblins
  11 hobgoblin zombies (Ossuary)
  3 jackal zombies (Ossuary)
  17 kobolds
  7 kobold zombies (Ossuary)
  9 orc zombies (Ossuary)
  A quokka zombie (D:7)
  9 rats
  2 rat zombies (Ossuary)
200 creatures vanquished.

Vanquished Creatures (collateral kills)
  A gnoll (D:7)
1 creature vanquished.

Vanquished Creatures (others)
  A goblin (D:6)
  A gnoll zombie (D:7)
2 creatures vanquished.

Grand Total: 203 creatures vanquished

Notes
Turn   | Place    | Note
--------------------------------------------------------------
     0 | D:1      | Fyery, the High Elf Ice Elementalist, began the quest for the Orb.
     0 | D:1      | Reached XP level 1. HP: 11/11 MP: 4/4
   434 | D:1      | Reached XP level 2. HP: 17/17 MP: 0/6
   839 | D:1      | Learned a level 2 spell: Throw Frost
   910 | D:1      | Reached skill level 4 in Ice Magic
  1236 | D:2      | Reached XP level 3. HP: 21/21 MP: 1/8
  1355 | D:2      | Learned a level 3 spell: Ozocubu's Armour
  1775 | D:2      | Noticed Crazy Yiuf
  1781 | D:2      | Killed Crazy Yiuf
  1781 | D:2      | Reached skill level 5 in Ice Magic
  1781 | D:2      | Reached XP level 4. HP: 27/27 MP: 2/11
  2303 | D:3      | Found a shattered altar of Ashenzari.
  2309 | D:3      | Saw a vision of the Swamp and the Spider Nest.
  2309 | D:3      | Noticed an alligator
  2309 | D:3      | Noticed a redback
  2309 | D:3      | Noticed a yellow wasp
  2312 | D:3      | Noticed a swamp drake
  2818 | D:3      | Reached XP level 5. HP: 28/31 MP: 0/12
  3106 | D:4      | Reached skill level 1 in Charms
  3118 | D:4      | Learned a level 4 spell: Condensation Shield
  3251 | D:4      | Reached skill level 6 in Ice Magic
  3341 | D:4      | Reached XP level 6. HP: 31/36 MP: 8/17
  3579 | D:5      | Entered Level 5 of the Dungeon
  3861 | D:5      | Found a sand-covered staircase.
  3866 | Ossuary  | Entered an ossuary
  4056 | Ossuary  | Reached XP level 7. HP: 9/41 MP: 20/20
  4571 | D:5      | Found a snail-covered altar of Cheibriados.
  5231 | D:6      | Reached skill level 5 in Spellcasting
  5241 | D:6      | Reached skill level 7 in Ice Magic
  5517 | D:6      | Found Troevopt's General Store.
  5585 | D:6      | Bought a potion of restore abilities for 60 gold pieces
  5599 | D:6      | Found a sparkling altar of Nemelex Xobeh.
  5841 | D:6      | Reached XP level 8. HP: 43/46 MP: 9/23
  5847 | D:6      | Learned a level 4 spell: Throw Icicle
  5996 | D:6      | Reached skill level 8 in Ice Magic
  6228 | D:6      | Noticed a deep elf mage
  6333 | D:6      | Killed a deep elf mage
  6333 | D:6      | Reached skill level 9 in Ice Magic
  6629 | D:7      | Reached skill level 10 in Ice Magic
  6801 | D:7      | Reached XP level 9. HP: 45/51 MP: 22/25
  6886 | D:7      | Noticed Blork the orc
  6901 | D:7      | Killed Blork the orc
  7147 | D:7      | Found a staircase to the Ecumenical Temple.
  7157 | Temple   | Entered the Ecumenical Temple
  7174 | Temple   | Became a worshipper of Qazlal Stormbringer
  7478 | D:7      | Found a radiant altar of Vehumet.
  8433 | D:8      | Killed from afar by an electric eel

Action                   |  1- 3 |  4- 6 |  7- 9 || total
-------------------------+-------+-------+-------++-------
Melee: Unarmed           |     5 |       |       ||     5
       Whip              |    11 |       |       ||    11
       Quarterstaff      |       |   216 |   205 ||   421
Throw: Javelin           |     2 |     6 |       ||     8
 Cast: Freeze            |    26 |    22 |    57 ||   105
       Throw Frost       |    16 |    29 |    22 ||    67
       Ozocubu's Armour  |     1 |    18 |    29 ||    48
       Condensation Shie |       |     5 |    27 ||    32
       Throw Icicle      |       |       |     6 ||     6
Evoke: Wand              |       |       |     2 ||     2
  Use: Scroll            |       |     4 |     4 ||     8
       Potion            |       |     5 |       ||     5
 Stab: Sleeping          |       |     5 |     1 ||     6
       Paralysed         |       |     3 |     1 ||     4
       Confused          |       |     1 |       ||     1
  Eat: Chunk             |     4 |     9 |    11 ||    24
       Bread ration      |       |     1 |     1 ||     2
       Fruit             |       |       |     1 ||     1
